 Dungeon Crawl Stone Soup version 0.31-a0-276-ge00219d475 (webtiles) character file.

Game seed: 14888902648089036700

1178 Querens the Ruffian (level 8, -1/81 HPs)
             Began as a Troll Monk on July 15, 2023.
             Engulfed by a cloud of steam (8 damage)
             ... on level 5 of the Dungeon.
             The game lasted 00:09:08 (2908 turns).

Querens the Ruffian (Troll Monk)                    Turns: 2908, Time: 00:09:09

Health: -1/81      AC:  4    Str: 22    XL:     8   Next: 18%
Magic:  7/7        EV: 10    Int:  6    God:
Gold:   72         SH:  0    Dex: 12    Spells: 7/7 levels left

rFire   . .          .
                       - Unarmed
rCold   + . .        (no shield)
rNeg    . . .        a - +0 robe
rPois   .            (helmet restricted)
rElec   .            (no cloak)
rCorr   .            (gloves unavailable)
SInv    .            (boots unavailable)
Will    .....        (no amulet)
Stlth   +            s - ring of protection from cold
HPRegen 1.13/turn    (no ring)
MPRegen 0.10/turn

%: no passive effects
@: no status effects
A: large, unfitting armour, claws 3, regeneration 1, shaggy fur 1, tough skin 1
a: no special abilities


You were on level 5 of the Dungeon.
You visited 2 branches of the dungeon, and saw 6 of its levels.

You collected 132 gold pieces.
You spent 60 gold pieces at shops.

Inventory:

Armour
 a - a +0 robe (worn)
 c - an orb of light
Jewellery
 s - a ring of protection from cold (left claw)
Talismans
 r - a beast talisman
Wands
 q - a wand of acid (12)
Scrolls
 d - a scroll of immolation {unknown}
 f - 3 scrolls of enchant armour {unknown}
 g - 3 scrolls of fog
 h - 8 scrolls of teleportation {unknown}
 i - 6 scrolls of identify {unknown}
 j - a scroll of amnesia {unknown}
 m - a scroll of torment {unknown}
 v - a scroll of vulnerability {unknown}
 w - a scroll of blinking {unknown}
Potions
 b - a potion of ambrosia
 e - a potion of haste {unknown}
 k - a potion of enlightenment {unknown}
 l - 4 potions of might
 n - a potion of berserk rage {unknown}
 o - a potion of magic {unknown}
 p - a potion of brilliance {unknown}
 t - 2 potions of curing {unknown}
 u - a potion of heal wounds {unknown}


   Skills:
 + Level 5.6 Fighting
 - Level 3.0 Dodging
 + Level 6.7 Unarmed Combat
 + Level 3.1 Shapeshifting


You had 7 spell levels left.
You didn't know any spells.
Your spell library contained the following spells:

 Spells                   Type           Power      Damage    Failure   Level
 Kiss of Death            Conj/Necr      0%         2d5       45%         1
 Magic Dart               Conj           0%         1d3       45%         1
 Call Imp                 Summ           0%         N/A       58%         2
 Call Canine Familiar     Summ           0%         N/A       83%         3
 Confusing Touch          Hex            0%         N/A       83%         3
 Mephitic Cloud           Conj/Pois/Air  0%         N/A       83%         3
 Portal Projectile        Hex/Tloc       0%         N/A       83%         3
 Volatile Blastmotes      Fire/Tloc      0%         2d10      83%         3
 Dispel Undead            Necr           0%         3d6       99%         4
 Fulminant Prism          Conj/Hex       0%         3d5       99%         4
 Iskenderun's Mystic Bla  Conj/Tloc      0%         2d3       99%         4
 Leda's Liquefaction      Hex/Erth       0%         N/A       99%         4
 Passage of Golubria      Tloc           0%         N/A       99%         4
 Silence                  Hex/Air        0%         N/A       100%        5
 Summon Mana Viper        Hex/Summ       0%         N/A       100%        5
 Lehudib's Crystal Spear  Conj/Erth      0%         10d2      100%        8
 Maxwell's Capacitive Co  Air            0%         ∞         100%        8


Dungeon Overview and Level Annotations

Branches:
Dungeon (5/15)             Temple (1/1) D:5

Altars:
Cheibriados
Dithmenos
Elyvilon
Gozag
Kikubaaqudgha
Nemelex Xobeh
Qazlal
Ru
Trog
Vehumet
Wu Jian
Xom
Yredelemnul
Zin
The Shining One


Innate Abilities, Weirdness & Mutations

You are too large for most types of armour.
You have claws for hands.
Your natural rate of healing is unusually fast.
You are covered in fur. (AC +1)
You have tough skin. (AC +1)


Message History

The steam dragon breathes steam at you. The ball of steam hits you!
You completely miss the steam dragon.
You are engulfed in a cloud of scalding steam.
The steam dragon bites you! The steam dragon claws you.
You closely miss the steam dragon.
You are engulfed in a cloud of scalding steam.
You closely miss the steam dragon.
You are engulfed in a cloud of scalding steam.
The steam dragon completely misses you.
The steam dragon claws you but does no damage.
You closely miss the steam dragon.
You are engulfed in a cloud of scalding steam.
The steam dragon breathes steam at you. The ball of steam hits you!
You are too injured to fight recklessly!
You are too injured to fight recklessly!
You are too injured to fight recklessly!
You are too injured to fight recklessly!
The steam dragon barely misses you.
The steam dragon claws you but does no damage.
You barely miss the steam dragon. The steam dragon barely misses you.
The steam dragon claws you.
You closely miss the steam dragon. The steam dragon bites you.
The steam dragon closely misses you.
You claw the steam dragon!
The steam dragon is moderately wounded.
The steam dragon breathes steam at you. The ball of steam hits you!!
* * * LOW HITPOINT WARNING * * *
You claw the steam dragon!
The steam dragon is almost dead.
You are engulfed in a cloud of scalding steam.
* * * LOW HITPOINT WARNING * * *
The steam dragon closely misses you. The steam dragon barely misses you.
Unknown command.
You claw the steam dragon!
You kill the steam dragon!
You are engulfed in a cloud of scalding steam.
You die...

######### #....§..#####
#....§......# #.........#.#
#....@....#.###
#####†#..<#.#.# #...#.#.#.#
#.........#
#################..#.....#
.........................#
#.###############..#..#####
#.## #..##.....# ...#
#..###....#


There were no monsters in sight!

Vanquished Creatures
  Grinder (D:3)
  A steam dragon (D:5)
  A water moccasin (D:5)
  2 black bears
  An ogre (D:5)
  Blork the orc (D:4)
  A bullfrog (D:4)
  A scorpion (D:5)
  A jelly (D:5)
  A hound (D:4)
  An orc priest (D:4)
  2 sleepcaps (D:5)
  Ijyb (D:3)
  4 orc wizards
  4 adders
  3 worms (D:2)
  4 dart slugs
  17 orcs
  6 ball pythons
  6 bats
  A bat zombie (D:2)
  6 endoplasms
  5 goblins
  9 hobgoblins
  7 jackals
  3 quokkas
  A ball python skeleton (D:2)
  3 frilled lizards
  9 kobolds
  4 rats
107 creatures vanquished.

Notes
Turn   | Place    | Note
-------+----------+-------------------------------------------
     0 | D:1      | Querens the Troll Monk began the quest for the Orb.
     0 | D:1      | Reached XP level 1. HP: 22/22 MP: 0/0
    33 | D:1      | Reached XP level 2. HP: 28/29 MP: 1/1
   465 | D:1      | Reached XP level 3. HP: 35/36 MP: 2/2
   660 | D:2      | Found Tiuwer's Assorted Antiques.
   892 | D:2      | Reached XP level 4. HP: 45/45 MP: 3/3
  1296 | D:3      | Reached skill level 4 in Unarmed Combat
  1325 | D:3      | Reached XP level 5. HP: 53/53 MP: 4/4
  1330 | D:3      | Found a sparkling altar of Nemelex Xobeh.
  1382 | D:3      | Found a faded altar of an unknown god.
  1485 | D:3      | Noticed Grinder
  1490 | D:3      | Paralysed by Grinder for 5 turns
  1505 | D:3      | Killed Grinder
  1506 | D:3      | Reached skill level 5 in Unarmed Combat
  1506 | D:3      | Reached XP level 6. HP: 62/63 MP: 5/5
  1759 | D:3      | Noticed Ijyb
  1771 | D:3      | Killed Ijyb
  1843 | D:4      | Got Hayzoar's Compendium of Spellbinding and Gusts
  1928 | D:4      | Reached skill level 1 in Shapeshifting
  1928 | D:4      | Reached XP level 7. HP: 67/71 MP: 6/6
  1931 | D:4      | Found Polu's CLEARANCE SALE!.
  1956 | D:4      | Bought a scroll of fog for 20 gold pieces
  1956 | D:4      | Bought 2 potions of might for 40 gold pieces
  2024 | D:4      | Found a glowing golden altar of the Shining One.
  2031 | D:4      | Found a basalt altar of Yredelemnul.
  2197 | D:4      | Noticed Blork the orc
  2206 | D:4      | Killed Blork the orc
  2283 | D:4      | Reached skill level 5 in Fighting
  2283 | D:4      | Reached skill level 6 in Unarmed Combat
  2501 | D:5      | Entered Level 5 of the Dungeon
  2671 | D:5      | Reached XP level 8. HP: 73/81 MP: 7/7
  2714 | D:5      | Found a staircase to the Ecumenical Temple.
  2720 | Temple   | Entered the Ecumenical Temple
  2908 | D:5      | Engulfed by a cloud of steam

Illustrated notes

Levels and vault maps discovered:
D:1:      eino_arrival_water_cross, layout_basic, minmay_tree_intersection
D:2:      layout_loops_corners, serial_undead, serial_undead_f, serial_undead_e,
          serial_undead_c, serial_undead_d, serial_shops, shop
D:3:      layout_loops_ring, old_standard_altar,
          dreamdust_ecumenical_altar_statues, chequers_serial_rivers_micro_c,
          uniq_grinder, uniq_ijyb
D:4:      layout_loops_ring, grunt_temple_overflow_holy_war,
          nicolae_shop_clearance, uniq_blork_the_orc
D:5:      wad_crossroads, layout_basic, minmay_temple_entry_grid
Temple:   nicolae_temple_ecumenical_triangle

Skill      XL: |  1  2  3  4  5  6  7  8 |
---------------+-------------------------+-----
Fighting       | 3 4 5 |  5.6
Dodging        | 3 |  3.0
Unarmed Combat | 4 5 6 |  6.7
Shapeshifting  | 1 2 3 |  3.1

Action                     |  1- 3 |  4- 6 |  7- 9 || total
---------------------------+-------+-------+-------++-------
  Melee: Unarmed           |    94 |   115 |    91 ||   300
         Punch             |       |     3 |     3 ||     6
   Stab: Sleeping          |       |       |     2 ||     2
 Armour: Robe              |    38 |    33 |    21 ||    92
  Dodge: Dodged            |    47 |    47 |    39 ||   133

Table legend: (Time is in decaauts)
 A = Elapsed time spent in this place.
 B = Non-inter-level travel time spent in this place.
 C = Inter-level travel time spent in this place.
 D = Time resting spent in this place.
 E = Time spent auto-exploring this place.
 F = Levels seen in this place.
 G = Mean time per level.
                   A        B        C        D        E       F      G
               +--------+--------+--------+--------+--------+-----+--------+
         Total |   2880 |   2752 |    128 |      0 |      0 |   6 |  480.0 |
       Dungeon |   2835 |   2707 |    128 |      0 |      0 |   5 |  567.0 |
        Temple |     44 |     44 |      0 |      0 |      0 |   1 |   44.0 |
               +--------+--------+--------+--------+--------+-----+--------+

Top non-repeatable levels by time:
     D:2: 705 daAuts
     D:4: 660 daAuts
     D:1: 562 daAuts
     D:3: 550 daAuts
     D:5: 356 daAuts
  Temple: 44 daAuts
